AoeStats
← MUSLIM G0 H0M3

Arabia

507322041Analyzed
1v1 RM · 15d ago on Sep 17, 2026· 56m 56s· 2 players
Game mode
Random Map
Map size
Tiny (2 player)
Population
200
Speed
Normal
Resources
Standard
Victory
Conquest
Starting age
Dark Age
Ending age
Imperial Age
RankedLock teamsTeams togetherTeam positionsShared explorationLock speedFull tech treeHidden civsTurbo modeCheats
Victory
Defeat
🇦🇷 Huns · Argentina
942
+16
🇬🇧 Ethiopians · United Kingdom
951
-16
MUSLIM G0 H0M3
6:27 Loom
9:15 Feudal Age
13:53 Town Watch
15:36 Wheelbarrow
15:11 Town Watch
16:01 Wheelbarrow
19:49 Castle Age
18:35 Double-Bit Axe
18:34 Horse Collar
18:46 Gold Mining
19:59 Bloodlines
20:43 Bow Saw
20:47 Husbandry
21:21 Heavy Plow
27:15 Scale Barding Armor
27:20 Forging
27:59 Fervor
28:54 Town Patrol
30:57 Iron Casting
32:30 Chain Barding Armor
33:35 Gold Shaft Mining
36:36 Imperial Age
34:21 Hand Cart
35:13 Fletching
35:38 Marauders
36:25 Bodkin Arrow
37:59 Plate Barding Armor
38:24 Blast Furnace
37:25 Bracer
37:51 Ballistics
38:38 Chemistry
37:03 Cavalier
38:28 Paladin
40:34 Blast Furnace
40:48 Conscription
40:54 Elite Tarkan
42:44 Bracer
47:02 Light Cavalry
48:20 Hussar
Dawi
6:21 Loom
13:29 Feudal Age
16:09 Double-Bit Axe
16:58 Horse Collar
20:00 Castle Age
19:25 Wheelbarrow
23:15 Fletching
23:26 Padded Archer Armor
23:43 Bow Saw
24:20 Town Watch
25:56 Hand Cart
27:54 Town Patrol
31:49 Scale Mail Armor
31:47 Crossbowman
33:10 Chain Mail Armor
32:53 Bodkin Arrow
33:07 Squires
35:23 Thumb Ring
36:55 Gold Mining
37:41 Forging
37:47 Chain Mail Armor
43:03 Imperial Age
40:54 Bow Saw
44:12 Conscription
43:41 Halberdier
46:58 Conscription
Connection lost

Rejoining the realm…

Still unreachable

The connection could not be restored.

Session expired

The server has moved on; the page needs a fresh start.